 Dungeon Crawl Stone Soup version 0.31-a0-161-gb58dd9be76 (webtiles) character file.

Game seed: 13500916971305666347

1 ragingrage the Charlatan (level 1, -1/19 HPs)
             Began as a Naga Wanderer on June 12, 2023.
             Frozen to death by an endoplasm (4 damage)
             ... on level 1 of the Dungeon.
             The game lasted 00:00:24 (108 turns).

ragingrage the Charlatan (Naga Wanderer)             Turns: 108, Time: 00:00:25

Health: -1/19      AC:  1    Str: 13    XL:     1   Next: 20%
Magic:  2/2        EV:  9    Int: 14    God:
Gold:   0          SH:  0    Dex:  9    Spells: 1/2 levels left

rFire   . . .        a - +0 club
rCold   . . .        (no shield)
rNeg    . . .        d - +0 robe
rPois   +            (no helmet)
rElec   .            (no cloak)
rCorr   .            (no gloves)
SInv    +            (no barding)
Will    .....        (no amulet)
Stlth   +            (no ring)
HPRegen 0.23/turn    (no ring)
MPRegen 0.08/turn

%: no passive effects
@: very slow
A: AC +0, large, see invisible, deformed body, poison resistance, slowness 2,
spit poison 1, naga tail 1
a: Spit Poison


You were on level 1 of the Dungeon.
You visited 1 branch of the dungeon, and saw 1 of its levels.

Inventory:

Hand Weapons
 a - a +0 club (weapon)
Armour
 d - a +0 robe (worn)
Scrolls
 g - a scroll of identify {unknown}
Potions
 c - a potion of berserk rage
 e - a potion of attraction
 f - a potion of ambrosia {unknown}
Miscellaneous
 b - a piece from Xom's chessboard (15/15)


   Skills:
 - Level 2.0 Fighting
 - Level 1.0 Armour
 - Level 1.0 Spellcasting
 + Level 2.1 Hexes
 - Level 1.0 Invocations
 - Level 3.0 Evocations


You had one spell level left.
You knew the following spells:

 Your Spells              Type           Power      Damage    Failure   Level
a - Slow                  Hex            24%        N/A       11%         1

Your spell library contained the following spells:

 Spells                   Type           Power      Damage    Failure   Level
 Confusing Touch          Hex            6%         N/A       32%         3
 Portal Projectile        Hex/Tloc       6%         N/A       45%         3


Dungeon Overview and Level Annotations

Branches:
Dungeon (1/15)

Altars:

Shops:
D:1 =[


Innate Abilities, Weirdness & Mutations

Your serpentine skin is tough. (AC +0)
You have supernaturally acute eyesight. (SInv)
Armour fits poorly on your strangely shaped body.
Your system is resistant to poisons. (rPois)
You cover ground very slowly.
You can spit poison.
You have a snake-like lower body.


Message History

A ball python and an endoplasm come into view.
The ball python hisses angrily.
There is a stone staircase leading down here.
Casting: Slow (safe; 12% risk of failure)
You don't know that spell.
The ball python bites you.
You hit the ball python.
You kill the ball python!
You see here a ball python corpse.
No target in view!
No target in view!
No target in view!
The endoplasm quivers.
An endoplasm is nearby!
You see here a scroll labelled TIDOGYMEIL.
You hit the endoplasm. The endoplasm freezes you.
You are frozen.
The endoplasm closely misses you.
You barely miss the endoplasm.
The endoplasm hits you but does no damage.
You hit the endoplasm but do no damage. The endoplasm hits you.
You are too injured to fight recklessly!
You hit the endoplasm but do no damage. The endoplasm barely misses you.
You are too injured to fight recklessly!
You hit the endoplasm. The endoplasm freezes you.
You are frozen.
The endoplasm hits you.
You are too injured to fight recklessly!
You hit the endoplasm. The endoplasm freezes you.
You are frozen.
* * * LOW HITPOINT WARNING * * *
You hit the endoplasm. The endoplasm freezes you.
You are frozen.
* * * LOW HITPOINT WARNING * * *
You hit the endoplasm but do no damage. The endoplasm freezes you.
You are frozen.
You die...

...#### ....
...$... .......
......# #........
....... #.......#
.......
#.......####.......
........##.........
#........?@J.....#
#..........##..#..
#..........## ##
#####..#.#..#.#
#........##.#.#
#..###...###...#
...###.........##
#....†.....#.#
#.###>...=.#


You could see an endoplasm.

Vanquished Creatures
  A ball python (D:1)
1 creature vanquished.

Notes
Turn   | Place    | Note
-------+----------+-------------------------------------------
     0 | D:1      | ragingrage the Naga Wanderer began the quest for the Orb.
     0 | D:1      | ragingrage set off with the following items: a +0 club, a
                  | piece from Xom's chessboard (15/15), a potion of berserk
                  | rage, a +0 robe, a potion of attraction; and the following
                  | spell memorised: Slow; and the following spells available
                  | to memorise: Confusing Touch, Portal Projectile.
     0 | D:1      | Reached XP level 1. HP: 19/19 MP: 2/2
    28 | D:1      | Found Gurreto's Jewellery Shoppe.
    75 | D:1      | Found Weum's Armour Shoppe.
   108 | D:1      | Frozen to death by an endoplasm

Illustrated notes

Levels and vault maps discovered:
D:1:      dpeg_arrival_fog, layout_rooms, serial_shops, nicolae_diamond_shop,
          nicolae_lakefront_shop, minmay_octomino_e4

Action                     || total
---------------------------++-------
  Melee: Club              ||     9
 Armour: Robe              ||     1
  Dodge: Dodged            ||     2

Table legend: (Time is in decaauts)
 A = Elapsed time spent in this place.
 B = Non-inter-level travel time spent in this place.
 C = Inter-level travel time spent in this place.
 D = Time resting spent in this place.
 E = Time spent auto-exploring this place.
 F = Levels seen in this place.
 G = Mean time per level.
                   A        B        C        D        E       F      G
               +--------+--------+--------+--------+--------+-----+--------+
         Total |    149 |    149 |      0 |      0 |    114 |   1 |  149.0 |
       Dungeon |    149 |    149 |      0 |      0 |    114 |   1 |  149.0 |
               +--------+--------+--------+--------+--------+-----+--------+

Top non-repeatable levels by time:
     D:1: 149 daAuts
